 Dungeon Sprint DCSS version 0.20-a0-640-g62ed22f (webtiles) character file.

4620 esc the Blocker (level 13, -7/75 HPs)
             Began as a Vine Stalker Fighter on Feb 12, 2017.
             Was the Champion of Makhleb.
             Splashed by an acid blob's acid (13 damage)
             ... in the Dungeon (Sprint VI: "Thunderdome").
             The game lasted 00:16:07 (1799 turns).

esc the Blocker (Vine Stalker Fighter)              Turns: 1799, Time: 00:16:07

Health: -7/75      AC: 10    Str: 36    XL:     13   Next: 50%
Magic:  0/23       EV: 18    Int: 10    God:    Makhleb [******]
Gold:   242        SH: 15    Dex: 16    Spells: 20/20 levels left

rFire    + + .     SeeInvis +   t - +0 quick blade (pierce)
rCold    . . .     Gourm    .   b - +0 scale mail
rNeg     . . .     Faith    .   c - +0 shield
rPois    .         Spirit   +   (no helmet)
rElec    +         Reflect  .   p - +0 cloak "Pielleca" {+Blink rF++ Str+7}
rCorr    .         Harm     .   (no gloves)
MR       +++..     NoTele   +   (no boots)
Stlth    +.........             s - amulet of Qiufynaq {+Rage rElec Str+4 Int-2 Slay+5}
Regen    1.1/turn               q - ring of Lucidity {MR++ AC+4}
MPRegen  0.2/turn               r - ring "Udatopoa" {-Tele Str+3 Int+4 SInv Stlth+}

@: liquid flames, corroded, glowing, studying Short Blades
A: fangs 3, talons 1, regeneration 2, magic shield, antimagic bite, no potion
heal 3, rot immunity
}: 2/15 runes: serpentine, barnacled
a: Minor Destruction, Lesser Servant of Makhleb, Major Destruction, Greater
Servant of Makhleb, Renounce Religion, Evoke Blink, Evoke Berserk Rage


You were in the Dungeon.
You worshipped Makhleb.
Makhleb was exalted by your worship.
You were not hungry.

You visited 1 branch You collected 2850 gold pieces.
You spent 2608 gold pieces at shops.

Inventory:

Hand Weapons
 t - a +0 quick blade of piercing (weapon)
   (You bought it in a shop in the Dungeon)
Armour
 b - a +0 scale mail (worn)
 c - a +0 shield (worn)
 p - the +0 cloak "Pielleca" (worn) {+Blink rF++ Str+7}
   (You bought it in a shop in the Dungeon)

   It affects your strength (+7).
   It greatly protects you from fire.
   It lets you blink.
Jewellery
 q - the ring of Lucidity (right hand) {MR++ AC+4}
   (You bought it in a shop in the Dungeon)

   [ring of protection]

   It affects your AC (+4).
   It affects your resistance to hostile enchantments.
 r - the ring "Udatopoa" (left hand) {-Tele Str+3 Int+4 SInv Stlth+}
   (You bought it in a shop in the Dungeon)

   [ring of stealth]

   It affects your strength (+3).
   It affects your intelligence (+4).
   It lets you see invisible.
   It prevents most forms of teleportation.
   It makes you more stealthy.
 s - the amulet of Qiufynaq (around neck) {+Rage rElec Str+4 Int-2 Slay+5}
   (You bought it in a shop in the Dungeon)

   [amulet of rage]

   It affects your strength (+4).
   It affects your intelligence (-2).
   It affects your accuracy and damage with ranged weapons and melee attacks
   (+5).
   It insulates you from electricity.
   It lets you go berserk.
Wands
 l - a wand of acid (0/15)
   (You found it in the Dungeon)
 m - a wand of iceblast (4/15)
   (You found it in the Dungeon)
Scrolls
 j - 13 scrolls of remove curse
 k - 4 scrolls of blinking {!r}
 n - 2 scrolls of fog
Potions
 h - 2 potions of haste
 i - 2 potions of magic
 o - a potion of resistance
Books
 d - a manual of Short Blades {!d}
   (You found it in the Dungeon)
Comestibles
 f - 4 chunks of flesh {@w0}


   Skills:
 + Level 12.2 Fighting
 - Level 10.7 Short Blades
 + Level 11.4 Armour
 + Level 11.0 Dodging
 + Level 12.8 Shields
 - Level 4.0 Spellcasting
 + Level 12.3 Invocations


You had 20 spell levels left.
You didn't know any spells.

Dungeon Overview and Level Annotations

Branches:
Dungeon (1/1)

Altars:
Cheibriados
Dithmenos
Fedhas
Gozag
Kikubaaqudgha
Makhleb
Okawaru
Qazlal
Ru
Sif Muna
Trog
Uskayaw
Vehumet
Xom
Yredelemnul
Zin
The Shining One
Beogh
Jiyva
Lugonu

Shops:
D *[%??*?*:[((!!!!


Innate Abilities, Weirdness & Mutations

You have razor-sharp teeth.
You heal very quickly.
When hurt, damage is shared between your health and your magic reserves.
Your bite disrupts and absorbs the magic of your enemies.
Potions cannot restore your health.
You are immune to rotting.
You have sharp toenails.


Message History

a - a potion of experience;
d - a manual of Short Blades {!d} You pick up the barnacled rune and feel its power.
You now have 2 runes.
Press } to see all the runes you have collected.
You now have 574 gold pieces (gained 500).
The barbs in your skin will harm you if you move.
Continue?
Okay, then.
You carefully extract the barbed spikes from your body.
MP restored: 22
Things that are here:
6 large rocks {!d}; the cyclops corpse of Polyphemus; a spiny frog corpse You butcher the cyclops corpse of Polyphemus.
f - 10 chunks of flesh {@w0} (gained 4)
Things that are here:
6 large rocks {!d}; a spiny frog corpse You butcher the spiny frog corpse.
Things that are here:
6 large rocks {!d}; 3 inedible chunks of flesh {@w0}; a spiny frog skeleton You start resting.
Health restored: 71 You feel more experienced!
You have reached level 13!
Health restored: 75; MP restored: 23 Your extra speed is starting to run out.
You see here a bog body skeleton.
You feel yourself slow down.
There is an entrance to Wuquc's Advanced Armour here.
You see here the -5 pair of boots "Ixamoced" {rC+ rN+ rCorr Str-2}.
a - a pair of steaming boots Thank you for shopping at Wuquc's Advanced Armour!
Wear which item (? for menu, Esc to quit)
You start putting on your armour.
You continue putting on your pair of steaming boots. x3
You feel a little less mighty now.
You continue putting on your pair of steaming boots.
You finish putting on the +0 pair of boots "Yroerr" {rF+++ Dex-5 Slay-4 Stlth+}.
Drop what? 18/52 slots (_ for help) (? for menu, Esc to quit)
You start removing your armour.
You continue taking off the +0 pair of boots "Yroerr" {rF+++ Dex-5 Slay-4 Stlth+}. x4
You finish taking off the +0 pair of boots "Yroerr" {rF+++ Dex-5 Slay-4 Stlth+}.
You drop the +0 pair of boots "Yroerr" {rF+++ Dex-5 Slay-4 Stlth+}.
There is an entrance to Wuquc's Advanced Armour here.
Things that are here:
the +0 pair of boots "Yroerr" {rF+++ Dex-5 Slay-4 Stlth+} the -5 pair of boots "Ixamoced" {rC+ rN+ rCorr Str-2} You start waiting.
Your magical contamination has completely faded away.
Okay, then.
Okay, then.
You start waiting.
Some of the chunks of flesh in your inventory have rotted away.
Done waiting.
You start waiting.
Get ready!
You start waiting.
ROUND 11!
FIGHT!
You sense a tension in the west.
An acid blob comes into view.
The acid blob quivers.
The acid blob spits acid at you. The splash of acid hits you!
You are splashed with acid!
The acid burns!
You take 11 damage, and have 64/75 hp.
You now have 20/23 mp.
The acid blob spits acid at you. The splash of acid hits you!
You are splashed with acid!
The acid burns!
You take 22 damage, and have 43/75 hp.
MASSIVE DAMAGE!!
You now have 13/23 mp.
Okay, then.
You puncture the acid blob!
Your hands burn!
You claw the acid blob. You bite the acid blob! You drain its power.
You feel invigorated. The acid blob spits acid at you.
The splash of acid hits you!
You are splashed with acid!
The acid burns!
You take 16 damage, and have 27/75 hp.
MASSIVE DAMAGE!!
You regained 2 mp, and now have 15/23 mp.
Okay, then.
A demon appears!
It doesn't seem very happy.
The acid blob hits you but does no damage.
You take 9 damage, and have 18/75 hp.
Okay, then.
The acid blob closely misses you. You block the acid blob's attack.
You block the balrug's attack. The acid blob spits acid at you.
The splash of acid hits you!
* * * LOW HITPOINT WARNING * * *
The acid corrodes you!
You are splashed with acid!
The acid burns!
* * * LOW HITPOINT WARNING * * *
The balrug gestures at you. The sticky flame hits you! You resist.
You are covered in liquid flames!
You take 9 damage, and have 11/75 hp.
You now have 7/23 mp.
You are covered in liquid flames!
* * * LOW HITPOINT WARNING * * *
The acid blob misses you. You block the balrug's attack.
The acid blob spits acid at you. The splash of acid hits you!
* * * LOW HITPOINT WARNING * * *
You are splashed with acid!
The acid burns!
You die...

###........
#⌠.....).!.
######[8.....)÷.
##∩_._......###..
###∩......÷.8.# #.8
##............§###..
#⌠........[.###§§§##
#⌠2.........# #§§.#
#§J@........###.(.##
##.............###).
###∩........8.# #.8
##∩___......###..
######.8........
#⌠.........
###...[....
#_....... #_.......


You could see an acid blob and a balrug.

Vanquished Creatures
  Polyphemus (D)
  2 ghouls (D)
  A naga warrior (D)
  A hydra (D)
  3 alligators (D)
  A wolf spider (D)
  An orb spider (D)
  A black mamba (D)
  3 spiny frogs (D)
  2 jumping spiders (D)
  6 bog bodies (D)
  A hippogriff (D)
  2 redbacks (D)
  Sigmund (D)
  A yak (D)
  6 neqoxecs (D)
  A vampire mosquito (D)
  An insubstantial wisp (D)
  2 porcupines (D)
  2 orc warriors (D)
  An ogre (D)
  2 phantoms (D)
  2 necrophages (D)
  2 bullfrogs (D)
  Jessica (D)
  Terence (D)
  A gnoll (D)
  An adder skeleton (D)
  A worm (D)
  2 leopard geckos (D)
  A bat skeleton (D)
  A giant cockroach (D)
  2 goblins (D)
  A kobold (D)
  A giant cockroach zombie (D)
59 creatures vanquished.

Vanquished Creatures (collateral kills)
  A swamp dragon (D)
  An orb spider (D)
  A bog body (D)
3 creatures vanquished.

Grand Total: 62 creatures vanquished

Notes
Turn   | Place    | Note
-------+----------+-------------------------------------------
     0 | D        | esc the Vine Stalker Fighter began the quest for the Orb.
     0 | D        | Reached XP level 1. HP: 11/11 MP: 2/2
     1 | D        | Found a shadowy altar of Dithmenos.
     2 | D        | Found a roughly hewn altar of Beogh.
     3 | D        | Found a burning altar of Makhleb.
     3 | D        | Found a sacrificial altar of Ru.
     4 | D        | Found Cicor's Bee Food.
     4 | D        | Found an ancient bone altar of Kikubaaqudgha.
     4 | D        | Found a glowing golden altar of the Shining One.
     4 | D        | Found Ogistom's Identification Station.
     5 | D        | Found Veosofo's Jewellery.
     5 | D        | Found Wuquc's Advanced Armour.
     5 | D        | Round 1.
     7 | D        | Found an opulent altar of Gozag.
     8 | D        | Reached skill level 2 in Short Blades
    15 | D        | Bought a shimmering bronze amulet for 45 gold pieces
    15 | D        | Bought a shimmering tin ring for 45 gold pieces
    15 | D        | Bought a scorched granite ring for 45 gold pieces
    15 | D        | Identified the amulet "Qoemuare" {Inacc +Fly MR+ Dex+2} (You bought it in a shop in the Dungeon)
    16 | D        | Identified the ring "Udatopoa" {-Tele Str+3 Int+4 SInv Stlth+} (You bought it in a shop in the Dungeon)
    17 | D        | Identified the ring of Lucidity {MR++ AC+4} (You bought it in a shop in the Dungeon)
    18 | D        | Bought a faintly glowing lead amulet for 45 gold pieces
    19 | D        | Identified the amulet of Qiufynaq {+Rage rElec Str+4 Int-2 Slay+5} (You bought it in a shop in the Dungeon)
    24 | D        | Found a basalt altar of Yredelemnul.
    25 | D        | Found a corrupted altar of Lugonu.
    26 | D        | Found a bloodstained altar of Trog.
    27 | D        | Found Peful's Premium Goods.
    28 | D        | Found Fioseena's Miscellaneous Merchandise.
    28 | D        | Found Ozafeuskan's Basic Armour.
    29 | D        | Found a shimmering altar of Xom.
    29 | D        | Found a snail-covered altar of Cheibriados.
    29 | D        | Found a radiant altar of Vehumet.
    29 | D        | Found Angit's Weapon Rack.
    33 | D        | Found a blossoming altar of Fedhas.
    34 | D        | Found a stormy altar of Qazlal.
    35 | D        | Found an iron altar of Okawaru.
    36 | D        | Found Byoti's Do-It-Yourself Clinic.
    36 | D        | Found a viscous altar of Jiyva.
    36 | D        | Found Yxkuisch's Distillery.
    37 | D        | Found Fosmonn's Bottled Wisdom.
    37 | D        | Found Jierunud's Distillery.
    40 | D        | Found a glowing silver altar of Zin.
    41 | D        | Found a deep blue altar of Sif Muna.
    42 | D        | Found a hide-covered altar of Uskayaw.
    43 | D        | Found Zioth's Staff Store.
    43 | D        | Found Zujynol's Magic Scroll Shop.
    44 | D        | Found Ratiraipp's Must-Have Magic.
    44 | D        | Found Siur's Magic Scroll Shop.
    57 | D        | Became a worshipper of Makhleb the Destroyer
   133 | D        | Reached skill level 1 in Spellcasting
   137 | D        | Noticed Terence
   140 | D        | Killed Terence
   140 | D        | Reached * piety under Makhleb
   140 | D        | Reached skill level 3 in Fighting
   140 | D        | Reached skill level 3 in Armour
   140 | D        | Reached skill level 1 in Dodging
   140 | D        | Reached skill level 3 in Shields
   140 | D        | Reached skill level 2 in Spellcasting
   140 | D        | Reached XP level 2. HP: 16/16 MP: 4/6
   140 | D        | Reached XP level 3. HP: 20/20 MP: 4/7
   142 | D        | Noticed Jessica
   154 | D        | Killed Jessica
   154 | D        | Reached skill level 3 in Short Blades
   154 | D        | Reached skill level 2 in Dodging
   159 | D        | Arena points: 14 (+14) [x2]
   159 | D        | Gained mutation: Your natural rate of healing is unusually fast. [Vine Stalker growth]
   159 | D        | Reached XP level 4. HP: 25/25 MP: 7/9
   187 | D        | Round 2.
   189 | D        | Noticed a phantom
   208 | D        | Killed a phantom
   208 | D        | Reached ** piety under Makhleb
   208 | D        | Reached skill level 4 in Fighting
   208 | D        | Reached skill level 4 in Short Blades
   208 | D        | Reached skill level 4 in Armour
   208 | D        | Reached skill level 3 in Dodging
   208 | D        | Reached skill level 4 in Shields
   208 | D        | Reached skill level 4 in Spellcasting
   208 | D        | Reached XP level 5. HP: 27/30 MP: 9/12
   209 | D        | Noticed an ogre
   220 | D        | Killed an ogre
   220 | D        | Reached skill level 5 in Fighting
   220 | D        | Reached skill level 5 in Shields
   220 | D        | Reached skill level 2 in Invocations
   220 | D        | Reached XP level 6. HP: 35/35 MP: 13/13
   261 | D        | Reached *** piety under Makhleb
   275 | D        | Noticed Sigmund
   282 | D        | Killed Sigmund
   282 | D        | Arena points: 56 (+42) [x3]
   282 | D        | Reached skill level 5 in Short Blades
   282 | D        | Reached skill level 5 in Armour
   282 | D        | Reached skill level 4 in Dodging
   282 | D        | Reached skill level 3 in Invocations
   356 | D        | Round 3.
   418 | D        | Noticed a neqoxec
   427 | D        | Killed a neqoxec
   427 | D        | Reached skill level 6 in Fighting
   427 | D        | Reached skill level 6 in Shields
   427 | D        | Reached skill level 4 in Invocations
   427 | D        | Reached XP level 7. HP: 40/40 MP: 14/14
   430 | D        | Noticed a neqoxec
   439 | D        | Killed a neqoxec
   439 | D        | Reached skill level 6 in Short Blades
   439 | D        | Reached skill level 6 in Armour
   439 | D        | Reached skill level 5 in Dodging
   448 | D        | Noticed a neqoxec
   454 | D        | Noticed a neqoxec
   455 | D        | Gained mutation: You have sharp toenails. [a neqoxec]
   458 | D        | Noticed a neqoxec
   465 | D        | Killed a neqoxec
   465 | D        | Reached **** piety under Makhleb
   465 | D        | Reached skill level 5 in Invocations
   470 | D        | Killed a neqoxec
   470 | D        | Reached skill level 7 in Shields
   470 | D        | Gained mutation: You have razor-sharp teeth. [Vine Stalker growth]
   470 | D        | Reached XP level 8. HP: 42/45 MP: 15/15
   474 | D        | Reached skill level 7 in Fighting
   502 | D        | Arena points: 140 (+84) [x4]
   502 | D        | Reached skill level 7 in Short Blades
   502 | D        | Reached skill level 6 in Dodging
   502 | D        | Reached skill level 6 in Invocations
   549 | D        | Round 4.
   555 | D        | Reached ***** piety under Makhleb
   562 | D        | Reached skill level 7 in Armour
   572 | D        | Arena points: 300 (+160) [x5]
   585 | D        | Bought a pair of warped gloves for 332 gold pieces
   590 | D        | Identified the cursed +0 pair of gloves of the Blacksmith {rN+ Dex+4 Slay-4} (You bought it in a shop in the Dungeon)
   624 | D        | Round 5.
   643 | D        | Noticed a naga warlord
   657 | D        | Killed a naga warlord
   657 | D        | Arena points: 545 (+245) [x7]
   657 | D        | Reached skill level 8 in Fighting
   657 | D        | Reached skill level 8 in Short Blades
   657 | D        | Reached skill level 7 in Dodging
   657 | D        | Reached skill level 8 in Shields
   657 | D        | Reached skill level 7 in Invocations
   657 | D        | Reached XP level 9. HP: 47/51 MP: 16/16
   658 | D        | Got a serpentine rune of Zot
   664 | D        | Reached skill level 8 in Armour
   664 | D        | Reached XP level 10. HP: 36/57 MP: 17/17
   847 | D        | Round 6.
   847 | D        | Noticed a spiny frog
   854 | D        | Killed a spiny frog
   854 | D        | Reached skill level 9 in Shields
   854 | D        | Reached skill level 8 in Invocations
   892 | D        | Reached ****** piety under Makhleb
   909 | D        | Reached skill level 9 in Fighting
   951 | D        | Reached skill level 9 in Short Blades
   972 | D        | Noticed a black mamba
   979 | D        | Killed a black mamba
   979 | D        | Arena points: 977 (+432) [x8]
   979 | D        | Reached skill level 8 in Dodging
  1026 | D        | Round 7.
  1040 | D        | Bought 15 scrolls of remove curse for 450 gold pieces
  1051 | D        | Noticed an orb spider
  1059 | D        | Noticed an orb spider
  1088 | D        | Noticed a wolf spider
  1088 | D        | Reached skill level 9 in Invocations
  1098 | D        | Killed a wolf spider
  1098 | D        | Reached skill level 9 in Armour
  1101 | D        | Reached XP level 11. HP: 34/63 MP: 18/18
  1106 | D        | Killed an orb spider
  1106 | D        | Killed an orb spider
  1106 | D        | Reached skill level 10 in Shields
  1112 | D        | Arena points: 1481 (+504) [x9]
  1147 | D        | Bought an ichor-stained cloak for 332 gold pieces
  1152 | D        | Identified the +0 cloak "Pielleca" {+Blink rF++ Str+7} (You bought it in a shop in the Dungeon)
  1161 | D        | Round 8.
  1203 | D        | Noticed a ghoul
  1205 | D        | Reached skill level 10 in Fighting
  1221 | D        | Killed a ghoul
  1221 | D        | Reached skill level 10 in Short Blades
  1221 | D        | Reached skill level 9 in Dodging
  1221 | D        | Reached skill level 10 in Invocations
  1257 | D        | Noticed a ghoul
  1278 | D        | Killed a ghoul
  1278 | D        | Reached skill level 10 in Armour
  1292 | D        | Arena points: 2361 (+880) [x10]
  1307 | D        | Bought a +0 quick blade for 450 gold pieces
  1326 | D        | Round 9.
  1335 | D        | Noticed a seven-headed hydra
  1342 | D        | Killed a seven-headed hydra
  1342 | D        | Reached skill level 11 in Shields
  1395 | D        | Reached skill level 11 in Fighting
  1404 | D        | Noticed a swamp dragon
  1419 | D        | Killed a swamp dragon
  1419 | D        | Reached skill level 10 in Dodging
  1419 | D        | Reached skill level 11 in Invocations
  1439 | D        | Noticed an alligator
  1455 | D        | Killed an alligator
  1455 | D        | Gained mutation: You heal very quickly. [Vine Stalker growth]
  1455 | D        | Reached XP level 12. HP: 39/70 MP: 21/21
  1457 | D        | Noticed an alligator
  1485 | D        | Killed an alligator
  1486 | D        | Noticed an alligator
  1495 | D        | Killed an alligator
  1499 | D        | Arena points: 3450 (+1089) [x11]
  1513 | D        | Bought a scroll of brand weapon for 200 gold pieces
  1550 | D        | Round 10.
  1556 | D        | Bought a pair of faintly glowing boots for 332 gold pieces
  1561 | D        | Identified the cursed -5 pair of boots "Ixamoced" {rC+ rN+ rCorr Str-2} (You bought it in a shop in the Dungeon)
  1576 | D        | Noticed Polyphemus
  1606 | D        | Killed Polyphemus
  1606 | D        | Arena points: 4620 (+1170) [x13]
  1606 | D        | Reached skill level 12 in Fighting
  1606 | D        | Reached skill level 11 in Armour
  1606 | D        | Reached skill level 11 in Dodging
  1606 | D        | Reached skill level 12 in Shields
  1606 | D        | Reached skill level 12 in Invocations
  1607 | D        | Got a barnacled rune of Zot
  1634 | D        | Reached XP level 13. HP: 75/75 MP: 23/23
  1644 | D        | Bought a pair of steaming boots for 332 gold pieces
  1649 | D        | Identified the +0 pair of boots "Yroerr" {rF+++ Dex-5 Slay-4 Stlth+} (You bought it in a shop in the Dungeon)
  1790 | D        | Round 11.
  1790 | D        | Noticed an acid blob
  1795 | D        | Noticed a balrug
  1798 | D        | HP: 18/75 [acid blob/splash of acid (3)]
  1799 | D        | HP: 6/75 [acid blob/splash of acid (5)]
  1799 | D        | Splashed by an acid blob's acid

Vault maps used:
D:        arena_sprint

Skill      XL: |  1  2  3  4  5  6  7  8  9 10 11 12 |
---------------+-------------------------------------+-----
Short Blades   | 2 3 4 5 6 8 9 10 | 10.7
Spellcasting   | 2 4 |  4.0
Fighting       | 3 4 5 6 8 9 11 12 | 12.2
Armour         | 3 4 5 6 7 8 9 10 11 | 11.4
Dodging        | 1 2 3 4 5 7 8 10 11 | 11.0
Shields        | 3 4 5 6 7 8 9 11 12 | 12.8
Invocations    | 2 4 5 7 9 11 12 | 12.3

Action                   |  1- 3 |  4- 6 |  7- 9 | 10-12 | 13-15 || total
-------------------------+-------+-------+-------+-------+-------++-------
Melee: Rapier            |     7 |    27 |    48 |    95 |       ||   177
       Bite              |     4 |     8 |    22 |   101 |     1 ||   136
       Kick              |       |       |    23 |   101 |     1 ||   125
       Quick blade       |       |       |       |    64 |     1 ||    65
Invok: Lesser Servant of |       |       |       |     4 |       ||     4
       Greater Servant o |       |       |       |       |     1 ||     1
Evoke: Wand              |     1 |       |     3 |     2 |       ||     6
  Use: Potion            |       |       |     3 |     4 |       ||     7
       Scroll            |       |       |       |     4 |       ||     4
 Stab: Distracted        |       |       |       |     2 |       ||     2
  Eat: Chunk             |       |       |       |     1 |       ||     1
       Bread ration      |       |       |       |     1 |       ||     1
Armor: Scale mail        |     1 |     2 |     6 |    29 |     1 ||    39
Dodge: Dodged            |     2 |     6 |     8 |    54 |     2 ||    72
Block: Shield            |     2 |     9 |    15 |    74 |     3 ||   103

Vault maps used:
D:        arena_sprint

Table legend:
 A = Turns spent in this place as a percentage of turns spent in the entire game.
 B = Non-inter-level travel turns spent in this place as a percentage of non-inter-level travel turns spent in the entire game.
 C = Inter-level travel turns spent in this place as a percentage of turns spent in this place.
 D = Turns resting spent in this place as a percentage of non-inter-level travel turns spent in this place.
 E = Turns spent auto-exploring this place as a percentage of non-inter-level travel turns spent in this place.
 F = Non-inter-level travel turns spent in this place divided by the number of levels of this place that you've seen.
                   A       B       C       D       E      F
               +-------+-------+-------+-------+-------+----------------------
         Total | 100.0 | 100.0 |   0.1 |   5.2 |   1.7 | 1164.0
       Dungeon | 100.0 | 100.0 |   0.1 |   5.2 |   1.7 | 1164.0
               +-------+-------+-------+-------+-------+----------------------

Table legend:
 A = Kills in this place as a percentage of kills in entire the game.
 B = Kills by you in this place as a percentage of kills by you in the entire game.
 C = Kills by friends in this place as a percentage of kills by friends in the entire game.
 D = Other kills in this place as a percentage of other kills in the entire game.
 E = Experience gained in this place as a percentage of experience gained in the entire game.
 F = Experience gained in this place divided by the number of levels of this place that you have seen.
                   A       B       C       D       E      F
               +-------+-------+-------+-------+-------+----------------------
         Total | 100.0 | 100.0 | 100.0 |  -nan | 100.0 | 22075.0
       Dungeon | 100.0 | 100.0 | 100.0 |  -nan | 100.0 | 22075.0
               +-------+-------+-------+-------+-------+----------------------
